 Dungeon Crawl Stone Soup version 0.26-a0-663-g36e8fdb655 (webtiles) character file.

Game seed: 12293708114289889780

138 Peloso the Covered (level 5, -11/46 HPs)
             Began as a Minotaur Fighter on Oct 10, 2020.
             Blown up by Ijyb (24 damage)
             ... with a disintegration bolt
             ... on level 4 of the Dungeon.
             The game lasted 00:06:45 (3621 turns).

Peloso the Covered (Minotaur Fighter)               Turns: 3621, Time: 00:06:45

Health: -11/46     AC: 12    Str: 20 (21) XL:     5   Next: 1%
Magic:  4/4        EV:  4    Int:  3 (5)  God:
Gold:   146        SH:  9    Dex: 10      Spells: 4/4 levels left

rFire    . . .     SeeInvis .   a - +0 long sword
rCold    . . .     Faith    +   c - +0 kite shield
rNeg     + . .     Spirit   .   q - +0 plate armour
rPois    .         Reflect  .   (helmet restricted)
rElec    .         Harm     .   (no cloak)
rCorr    .         Rampage  .   (no gloves)
MR       .....                  (no boots)
Stlth    ..........             p - amulet of faith
HPRegen  0.15/turn              n - ring of positive energy
MPRegen  0.09/turn              h - ring of stealth

@: no status effects
A: retaliatory headbutt, horns 2
a: no special abilities


You were on level 4 of the Dungeon.
You visited 1 branch of the dungeon, and saw 4 of its levels.

You collected 146 gold pieces.

Inventory:

Hand Weapons
 a - a +0 long sword (weapon)
 b - a +2 rapier of venom
Missiles
 m - 66 bolts
Armour
 c - a +0 kite shield (worn)
 q - a +0 plate armour (worn)
Jewellery
 e - a +6 ring of intelligence
 h - a ring of stealth (right hand)
 n - a ring of positive energy (left hand)
 p - an amulet of faith (around neck)
 s - an uncursed ring of positive energy
 t - an uncursed ring of poison resistance {unknown}
 u - an uncursed ring of wizardry {unknown}
 w - an uncursed ring of ice {unknown}
Scrolls
 f - a scroll of remove curse
 i - a scroll of amnesia {unknown}
 j - 2 scrolls of identify
 k - 2 scrolls of magic mapping
 l - a scroll of teleportation {unknown}
 o - a scroll of fear {unknown}
 v - a scroll of enchant weapon {unknown}
Potions
 d - 2 potions of might
 g - a potion of haste
 r - a potion of curing
 x - a potion of flight {unknown}


   Skills:
 + Level 3.9 Fighting
 + Level 3.7 Long Blades
 + Level 5.3 Armour
 + Level 0.3 Stealth
 + Level 4.5 Shields


You had 4 spell levels left.
You didn't know any spells.
Your spell library was empty.

Dungeon Overview and Level Annotations

Branches:
Dungeon (4/15)
 Temple: D:4-7

Altars:
Kikubaaqudgha
Sif Muna
Xom

Annotations:
D:4 Ijyb


Innate Abilities, Weirdness & Mutations

You reflexively headbutt those who attack you in melee.
You have a pair of horns on your head.


Message History

You have reached level 5!
Things that are here:
a +0 club; an orc corpse You hear the slow hiss of a distant avalanche of sand.
Items here: )) [ †.
Okay, then.
Things that are here:
a +0 club; an orc corpse
j - 2 scrolls of identify (gained 1)
x - a sedimented white potion
Found 7 gold pieces.
Ijyb the Twisted Goblin comes into view.
She is wielding a +0 dagger and carrying a wand of disintegration (11).
Ijyb shouts!
Ijyb zaps a wand.
You are blasted!
Ijyb zaps a wand.
You are blasted!
Ouch! That really hurt!
* * * LOW HITPOINT WARNING * * *
Ijyb zaps a wand.
You are blasted!
Ouch! That really hurt!
You die...

,** #.......##*#....#** **,,* **
##.......# *#..### **,,,* **
#.......## *#....#****,,,,,
.#####.......# *#......,,*,,,,,,
............## ##.......,,,,,,,**
#...........# ##..$.....,,,,,,,*,
#...........###.........,,,,,,,,,
#...#####...............,,,,,,,,,
##..**#.........@.......,,,,,,,,,
#..*#....####..........,,,,,,,*,
#..#...### #..........,,,,,,,**
*#.....#* ##.........,,,,,,,**
,.....#* #.....#...,,,,,,,,*
,,*#..* *#.g..##,..>,,,,**,,
***#.,* **.......,,.,,,,,***,
**,** **,....###,>,,,,,** ** *,,*
***,,,,,,* *,,,,,,,* *


You could see Ijyb.

Vanquished Creatures
  An orc priest (D:4)
  An orc wizard (D:3)
  2 adders
  A worm (D:2)
  A leopard gecko (D:1)
  6 orcs
  10 bats
  2 giant cockroaches
  2 goblins
  6 hobgoblins
  3 jackals (D:4)
  5 kobolds
  A quokka (D:4)
  5 frilled lizards
  6 rats
  A bush (D:2)
53 creatures vanquished.

Notes
Turn   | Place    | Note
-------+----------+-------------------------------------------
     0 | D:1      | Peloso the Minotaur Fighter began the quest for the Orb.
     0 | D:1      | Reached XP level 1. HP: 19/19 MP: 0/0
   383 | D:1      | Reached XP level 2. HP: 27/27 MP: 1/1
   505 | D:1      | Reached skill level 4 in Armour
  1409 | D:2      | Found a shimmering altar of Xom.
  1499 | D:2      | Reached XP level 3. HP: 25/33 MP: 2/2
  2237 | D:3      | Found an ancient bone altar of Kikubaaqudgha.
  2485 | D:3      | Found a shimmering blue altar of Sif Muna.
  2502 | D:3      | Reached skill level 5 in Armour
  2502 | D:3      | Reached XP level 4. HP: 18/40 MP: 3/3
  3590 | D:4      | Reached XP level 5. HP: 43/46 MP: 4/4
  3618 | D:4      | Noticed Ijyb
  3621 | D:4      | Blown up by Ijyb

Illustrated notes

Levels and vault maps discovered:
D:1:      nzn_arrival_water_spiral, layout_basic, serial_rivers,
          chequers_serial_rivers_small_a, chequers_serial_rivers_small_a,
          chequers_serial_rivers_micro_a, chequers_serial_rivers_micro_a,
          chequers_serial_rivers_room_a
D:2:      layout_basic, lemuel_doored_altar, minmay_hedge_maze
D:3:      layout_loops_corners, tgw_sif, kiku_gazebo_garden_becter,
          minivault_11, minivault_27
D:4:      layout_layer_cave, enter_ossuary_3, uniq_ijyb

Skill      XL: |  1  2  3 |
---------------+----------+-----
Armour         | 4 5 |  5.3
Shields        | 4 |  4.5
Long Blades    | 3 |  3.7
Fighting       | |  3.9
Stealth        | |  0.3

Action                   |  1- 3 |  4- 6 || total
-------------------------+-------+-------++-------
Melee: Long sword        |   167 |    47 ||   214
       Headbutt          |    29 |    11 ||    40
  Use: Potion            |     4 |       ||     4
       Scroll            |     2 |     2 ||     4
Armor: Scale mail        |    11 |       ||    11
       Plate armour      |    55 |    24 ||    79
Dodge: Dodged            |    28 |     7 ||    35
Block: Kite shield       |    64 |    24 ||    88
       Rpst.: Long sword |    12 |       ||    12

Table legend: (Time is in decaauts)
 A = Elapsed time spent in this place.
 B = Non-inter-level travel time spent in this place.
 C = Inter-level travel time spent in this place.
 D = Time resting spent in this place.
 E = Time spent auto-exploring this place.
 F = Levels seen in this place.
 G = Mean time per level.
                   A        B        C        D        E       F      G
               +--------+--------+--------+--------+--------+-----+--------+
         Total |   3706 |   3601 |    105 |    121 |   2627 |   4 |  926.5 |
       Dungeon |   3706 |   3601 |    105 |    121 |   2627 |   4 |  926.5 |
               +--------+--------+--------+--------+--------+-----+--------+

Top non-repeatable levels by time:
     D:3: 1237 daAuts
     D:2: 1163 daAuts
     D:1: 1126 daAuts
     D:4: 180 daAuts
